 Dungeon Crawl Stone Soup version 0.32-a0-818-gb728d0252e (webtiles) character file.

Game seed: 13952313542250462380

20314 pokeman the Eclecticist (level 12, -2/66 HPs)
             Began as a Deep Elf Hedge Wizard on Mar 23, 2024.
             Was an Elder of Vehumet.
             Slain by a wraith (8 damage)
             ... on level 12 of the Dungeon.
             The game lasted 00:26:40 (12443 turns).

pokeman the Eclecticist (Deep Elf Hedge Wizard)    Turns: 12443, Time: 00:26:41

Health: -2/66      AC:  9    Str:  7    XL:     12   Next: 44%
Magic:  10/34      EV: 17    Int: 22    God:    Vehumet [****..]
Gold:   823        SH:  0    Dex: 14    Spells: 30/44 levels left

rFire   + . .        q - +11 sling "Newtbane" {elec, rPois Int-3 SInv Stlth+}
rCold   + . .        (no shield)
rNeg    . . .        z - +2 robe {rC+ rF+}
rPois   +            K - +2 hat
rElec   .            (no cloak)
rCorr   .            I - +1 pair of gloves
SInv    +            G - +0 pair of boots
Will    +....        m - amulet of the acrobat
Stlth   ++++         F - ring of flight
HPRegen 0.31/turn    E - +4 ring of slaying
MPRegen 0.24/turn

%: acrobat
@: flying, slowed, studying Dodging, very slow
A: no striking features
a: Renounce Religion


You were on level 12 of the Dungeon.
You worshipped Vehumet.
Vehumet was greatly pleased with you.
You visited 2 branches of the dungeon, and saw 13 of its levels.
You also visited: Sewer.

You collected 972 gold pieces.
You spent 149 gold pieces at shops.

Inventory:

Hand Weapons
 q - the +11 sling "Newtbane" (weapon) {elec, rPois Int-3 SInv Stlth+}
   (You found it on level 2 of the Dungeon)

   Int-3:     It affects your intelligence (-3).
   rPois:     It protects you from poison.
   SInv:      It lets you see invisible.
   Stlth+:    It makes you more stealthy.
 L - the +3 falchion of the Harvest {heavy, Int+7}
   (You found it on level 7 of the Dungeon)

   Int+7:     It affects your intelligence (+7).
Armour
 z - a +2 robe of resistance (worn)
 G - a +0 pair of boots (worn)
 I - a +1 pair of gloves (worn)
 K - a +2 hat (worn)
 S - a scarf of invisibility
Magical Staves
 o - a staff of fire
Jewellery
 g - a ring of magical power
 m - an amulet of the acrobat (around neck)
 t - a ring of magical power
 E - a +4 ring of slaying (right hand)
 F - a ring of flight (left hand)
 J - an amulet of faith
 O - a ring of poison resistance
 P - a ring of see invisible
Wands
 v - a wand of quicksilver (2)
 N - a wand of iceblast (19)
 R - a wand of mindburst (15)
Scrolls
 f - 3 scrolls of amnesia
 i - 7 scrolls of teleportation
 n - a scroll of enchant weapon
 p - a scroll of blinking
 x - a scroll of torment
 y - 2 scrolls of noise
 A - a scroll of enchant armour
 C - 5 scrolls of fog
 D - 4 scrolls of revelation
 H - 3 scrolls of vulnerability
 M - 2 scrolls of immolation {unknown}
Potions
 a - 3 potions of resistance {unknown}
 b - 2 potions of brilliance {unknown}
 c - 6 potions of attraction {unknown}
 d - 2 potions of magic
 e - a potion of lignification {unknown}
 h - 6 potions of curing {unknown}
 j - 7 potions of mutation {unknown}
 k - 6 potions of might {unknown}
 l - 2 potions of haste {unknown}
 s - a potion of ambrosia {unknown}
 w - 4 potions of enlightenment
 B - 2 potions of heal wounds {unknown}
 Q - a potion of berserk rage {unknown}


   Skills:
 - Level 4.0 Fighting
 - Level 4.0 Armour
 + Level 13.3 Dodging
 - Level 4.2 Stealth
 + Level 3.6 Shields
 * Level 16.5 Spellcasting
 + Level 9.5 Conjurations
 - Level 1.1 Summonings
 - Level 1.1 Translocations
 - Level 1.1 Fire Magic
 + Level 1.1 Ice Magic
 - Level 1.2 Air Magic
 - Level 8.1 Earth Magic
 - Level 1.0 Alchemy
 - Level 1.1 Evocations


You had 30 spell levels left.
You knew the following spells:

 Your Spells              Type           Power      Damage    Failure   Level
a - Magic Dart            Conj           100%       1d8       1%          1
b - Mephitic Cloud        Conj/Alch/Air  35%        N/A       1%          3
c - Call Imp              Summ           46%        N/A       3%          2
d - Blink                 Tloc           46%        N/A       3%          2
e - Stone Arrow           Conj/Erth      100%       3d13      1%          3
f - Hailstorm             Conj/Ice       41%        3d9       1%          3

Your spell library contained the following spells:

 Spells                   Type           Power      Damage    Failure   Level
 Sandblast                Erth           100%       2d20      1%          1
 Passwall                 Erth           52%        N/A       1%          3
 Brom's Barrelling Bould  Conj/Erth      54%        2d7       1%          4
 Slow                     Hex            72%        N/A       3%          1
 Cigotuvi's Dreadful Rot  Necr/Alch/Air  42%        N/A       3%          2
 Ensorcelled Hibernation  Hex/Ice        40%        N/A       3%          2
 Swiftness                Air            23%        N/A       5%          3


Dungeon Overview and Level Annotations

Branches:
Dungeon (12/15)            Temple (1/1) D:6            Lair (0/5) D:9
    Orc (0/2) D:12          Sewer (visited)

Altars:
Ashenzari
Cheibriados
Dithmenos
Elyvilon
Fedhas
Gozag
Hepliaklqana
Kikubaaqudgha
Makhleb
Nemelex Xobeh
Okawaru
Qazlal
Ru
Sif Muna
Trog
Uskayaw
Vehumet
Wu Jian
Xom
Yredelemnul
Zin
The Shining One

Shops:
D:7 ?   D:8 !

Annotations:
D:12 1 runed translucent door


Message History

Vehumet accepts your kill.
Your Ice Magic skill increases to level 1!
You see here a +4 glaive.
You feel ready to blink again.
You start resting.
A wraith comes into view.
Casting: Stone Arrow (safe; 1% risk of failure)
Confirm with . or Enter, or press ? or * to list all spells.
Aiming: Stone Arrow (safe; 1% risk of failure)
Press: ? - help, Shift-Dir - straight line, f - wraith
Aim: a wraith (78% to hit)
The stone arrow hits the wraith!
The wraith is heavily damaged.
Unknown command.
Casting: Stone Arrow (safe; 1% risk of failure)
Confirm with . or Enter, or press ? or * to list all spells.
Aiming: Stone Arrow (safe; 1% risk of failure)
Press: ? - help, Shift-Dir - straight line, f/p - wraith
Aim: a wraith (heavily damaged, 78% to hit)
The stone arrow hits the wraith but does no damage.
The wraith is heavily damaged.
Unknown command.
Casting: Stone Arrow (safe; 1% risk of failure)
Confirm with . or Enter, or press ? or * to list all spells.
Aiming: Stone Arrow (safe; 1% risk of failure)
Press: ? - help, Shift-Dir - straight line, f/p - wraith
Aim: a wraith (heavily damaged, 78% to hit)
The stone arrow misses the wraith.
The wraith hits you!
* * * LOW HITPOINT WARNING * * *
The wraith drains your vigour!
You feel yourself slow down.
Unknown command.
Casting: Stone Arrow (safe; 1% risk of failure)
Confirm with . or Enter, or press ? or * to list all spells.
Aiming: Stone Arrow (safe; 1% risk of failure)
Press: ? - help, Shift-Dir - straight line, f/p - wraith
Aim: a wraith (heavily damaged, 78% to hit)
The stone arrow hits the wraith.
The wraith is heavily damaged.
The wraith hits you!
You die...

#.# #[# #.[.... #.# #.#
#......
##.###[##########......
#......................
######.###########.....
#.#.........#.....
#.#.#######.#.....
#W#.# #.##.#.# #@#.#
#.##.#.# #.#.# #.##.#.#
#.#.#######.##'#.#
#.#.#............#
#.#.###.####.....#
#.#..............#
#)#####.####....## #.#
#........... #.#
########.###


You could see a wraith.

Vanquished Creatures
  Erica (D:8)
  Erolcha (D:12)
  A centaur warrior (D:10)
  2 boulder beetles
  3 two-headed ogres
  Amaemon (D:8)
  2 skeletal warriors (D:12)
  An orc knight (D:11)
  A deep elf pyromancer (D:12)
  A manticore (D:10)
  Joseph (D:7)
  An orange demon (D:8)
  A gargoyle (D:12)
  Maggie (D:8)
  A rime drake (D:9)
  Jeremiah (D:7)
  An unseen horror (D:12)
  2 komodo dragons
  2 polar bears (D:9)
  2 trolls (D:11)
  2 hornets
  Grinder (D:3)
  2 shadows
  2 wraiths
  2 wyverns
  13 yaks
  A warg (D:10)
  A steam dragon (D:7)
  7 vampire mosquitoes
  Grum (D:8)
  An acid dragon (D:11)
  A water moccasin (D:7)
  7 orc warriors
  Pargi (D:3)
  5 ice beasts
  2 ogres
  2 wolves (D:8)
  2 crocodiles (Sewer)
  7 centaurs
  2 kobold brigands
  2 bullfrogs
  2 gnoll sergeants
  2 scorpions
  4 wights (D:7)
  A burial acolyte (D:7)
  9 killer bees
  2 howler monkeys
  3 bombardier beetles
  4 centaur zombies (D:7)
  2 jellies
  A human zombie (D:7)
  4 orc priests
  5 hounds
  A sleepcap (D:6)
  10 orc wizards
  A sickly merfolk siren (Sewer)
  A malarious merfolk avatar (Sewer)
  2 killer bee zombies (D:7)
  14 gnolls
  8 adders
  A river rat (Sewer)
  A shadow imp (D:7)
  A white imp (D:8)
  2 ufetubi (D:6)
  2 ribbon worms (D:2)
  44 orcs
  11 ball pythons
  4 bats (D:1)
  14 endoplasms
  3 giant cockroaches
  9 goblins
  5 hobgoblins
  2 jackals (D:2)
  3 quokkas
  4 frilled lizards
  15 kobolds
  30 rats
318 creatures vanquished.

Notes
Turn   | Place    | Note
-------+----------+-------------------------------------------
     0 | D:1      | pokeman the Deep Elf Hedge Wizard began the quest for the
                  | Orb.
     0 | D:1      | Reached XP level 1. HP: 10/10 MP: 7/7
    67 | D:1      | Found a faded altar of an unknown god.
   539 | D:1      | Reached XP level 2. HP: 15/15 MP: 9/9
  1327 | D:2      | Found a blossoming altar of Fedhas.
  1357 | D:2      | Reached skill level 5 in Spellcasting
  1395 | D:2      | Reached skill level 1 in Fighting
  1395 | D:2      | Reached skill level 1 in Armour
  1395 | D:2      | Reached XP level 3. HP: 14/20 MP: 1/11
  1399 | D:2      | Learned a level 3 spell: Mephitic Cloud
  1402 | D:2      | Learned a level 2 spell: Call Imp
  1405 | D:2      | Learned a level 2 spell: Blink
  1724 | D:2      | Reached XP level 4. HP: 25/25 MP: 13/13
  1823 | D:2      | Identified the +11 sling "Newtbane" {elec, rPois Int-3 SInv
                  | Stlth+}
  2101 | D:3      | Noticed Grinder
  2103 | D:3      | Killed Grinder
  2104 | D:3      | Reached skill level 6 in Spellcasting
  2104 | D:3      | Reached XP level 5. HP: 29/29 MP: 16/16
  2104 | D:3      | Reached XP level 6. HP: 34/34 MP: 17/17
  2423 | D:3      | Reached skill level 7 in Spellcasting
  2613 | D:3      | Noticed Pargi
  2617 | D:3      | Killed Pargi
  2624 | D:3      | Identified the +0 hat of the Depths {rPois MP-9 SInv}
  2774 | D:4      | Reached XP level 7. HP: 31/38 MP: 20/20
  2825 | D:4      | Found a glowing drain.
  2829 | Sewer    | Entered a sewer
  2899 | Sewer    | Reached skill level 1 in Alchemy
  2912 | Sewer    | Reached skill level 1 in Fire Magic
  2912 | Sewer    | Reached skill level 1 in Air Magic
  2912 | Sewer    | Reached skill level 1 in Evocations
  3075 | Sewer    | Reached skill level 8 in Spellcasting
  3802 | D:5      | Entered Level 5 of the Dungeon
  3833 | D:5      | Learned a level 3 spell: Stone Arrow
  3886 | D:5      | Reached XP level 8. HP: 44/44 MP: 22/22
  3896 | D:5      | Reached skill level 9 in Spellcasting
  4038 | D:5      | Found a hide-covered altar of Uskayaw.
  4108 | D:5      | Found a burning altar of Makhleb.
  4257 | D:6      | Found a blossoming altar of Fedhas.
  4282 | D:6      | Reached skill level 1 in Earth Magic
  4825 | D:6      | Found a staircase to the Ecumenical Temple.
  4834 | Temple   | Entered the Ecumenical Temple
  4857 | Temple   | Became a worshipper of Vehumet
  4932 | D:7      | Reached skill level 5 in Conjurations
  4998 | D:7      | Noticed Jeremiah
  5002 | D:7      | Killed Jeremiah
  5003 | D:7      | Reached skill level 10 in Spellcasting
  5066 | D:7      | Reached skill level 5 in Dodging
  5210 | D:7      | Reached XP level 9. HP: 48/48 MP: 25/25
  5478 | D:7      | Found an ancient bone altar of Kikubaaqudgha.
  5484 | D:7      | Reached skill level 11 in Spellcasting
  5589 | D:7      | Reached * piety under Vehumet
  5589 | D:7      | Offered knowledge of Kiss of Death by Vehumet.
  5734 | D:7      | Found a white marble altar of Elyvilon.
  5790 | D:7      | Found a broken altar of Ashenzari.
  5793 | D:7      | Identified the +3 falchion of the Harvest {heavy, Int+7}
  5803 | D:7      | Found Loereh's Magic Scroll Shoppe.
  5811 | D:7      | Bought a scroll of identify for 26 gold pieces
  5811 | D:7      | Bought a scroll of identify for 26 gold pieces
  5811 | D:7      | Bought a scroll of revelation for 97 gold pieces
  5898 | D:7      | Noticed Joseph
  5911 | D:7      | Killed Joseph
  5912 | D:7      | Reached skill level 12 in Spellcasting
  6261 | D:8      | Noticed Erica
  6382 | D:8      | Noticed Grum
  6386 | D:8      | Killed Grum
  6390 | D:8      | Reached XP level 10. HP: 56/56 MP: 28/28
  6402 | D:8      | Noticed Amaemon
  6412 | D:8      | Killed Amaemon
  6412 | D:8      | Noticed an orange demon
  6420 | D:8      | Killed an orange demon
  6421 | D:8      | Reached skill level 5 in Earth Magic
  6434 | D:8      | Found Utifym's Distillery.
  6434 | D:8      | Noticed Maggie
  6443 | D:8      | Killed Maggie
  6516 | D:8      | Killed Erica
  6517 | D:8      | Reached skill level 13 in Spellcasting
  6970 | D:9      | Reached ** piety under Vehumet
  6971 | D:9      | Offered knowledge of Shock by Vehumet.
  7090 | D:9      | Reached skill level 10 in Dodging
  7282 | D:9      | Reached XP level 11. HP: 55/61 MP: 30/30
  7284 | D:9      | Offered knowledge of Searing Ray by Vehumet.
  7285 | D:9      | Reached skill level 14 in Spellcasting
  7520 | D:9      | Found a staircase to the Lair.
  7772 | D:9      | Noticed a two-headed ogre
  7777 | D:9      | Killed a two-headed ogre
  7930 | D:10     | Entered Level 10 of the Dungeon
  7968 | D:10     | Reached *** piety under Vehumet
  8094 | D:10     | Found a shimmering altar of Xom.
  8094 | D:10     | Found a sparkling altar of Nemelex Xobeh.
  8110 | D:10     | Found an opulent altar of Gozag.
  8233 | D:10     | Found an ornate altar of the Wu Jian Council.
  8400 | D:10     | Found a snail-covered altar of Cheibriados.
  8403 | D:10     | Noticed a centaur warrior
  8413 | D:10     | Killed a centaur warrior
  8555 | D:10     | Noticed a two-headed ogre
  8560 | D:10     | Killed a two-headed ogre
  8561 | D:10     | Reached skill level 1 in Shields
  9042 | D:11     | Noticed a boulder beetle
  9076 | D:10     | Killed a boulder beetle
  9077 | D:10     | Reached skill level 15 in Spellcasting
  9339 | D:11     | Offered knowledge of Volatile Blastmotes by Vehumet.
  9363 | D:11     | Noticed an orc knight
 10090 | D:11     | Killed an orc knight
 10750 | D:12     | Noticed Erolcha
 10755 | D:12     | Killed Erolcha
 10756 | D:12     | Reached XP level 12. HP: 37/66 MP: 21/33
 10875 | D:12     | Noticed a two-headed ogre
 10878 | D:12     | Noticed a boulder beetle
 10881 | D:12     | Reached **** piety under Vehumet
 10890 | D:12     | Killed a two-headed ogre
 10901 | D:12     | Killed a boulder beetle
 10902 | D:12     | Reached skill level 16 in Spellcasting
 11481 | D:12     | Offered knowledge of Hailstorm by Vehumet.
 11494 | D:12     | Learned a level 3 spell: Hailstorm
 11547 | D:12     | Found a staircase to the Orcish Mines.
 11576 | D:12     | Noticed a centaur warrior
 11577 | D:12     | Noticed a deep troll earth mage
 11581 | D:12     | Found a runed translucent door.
 12402 | D:12     | HP: 1/66 [skeletal warrior/+4 glaive (8)]
 12404 | D:12     | Reached skill level 1 in Ice Magic
 12443 | D:12     | Slain by a wraith

Illustrated notes

Levels and vault maps discovered:
D:1:      sevenhm_arrival_forest_fort_small_5, layout_loops_corners,
          shapermc_ecumenical_altar_mp_highgroup
D:2:      layout_rooms, basic_altar
D:3:      layout_loops_cross, uniq_grinder, uniq_pargi
D:4:      layout_loops_ring, mainiacjoe_sewer_entry_somewhere_in_here_1,
          fountainhead, serial_bayou_pond_c
D:5:      layout_gridville, bloody_makhleb, overflow_temple_1_default
D:6:      layout_basic, fedhas_ov_isle_minmay, minmay_temple_entry_poolview
D:7:      layout_loops_corners, lemuel_mausoleum_altar_kikubaaqudgha,
          mainiacjoe_overflow_cross_hatched, elyvilon_altar_5, serial_shops,
          nicolae_shop_tiny_waterfront, roderic_lattice_a, minmay_manual_mares,
          uniq_joseph, uniq_jeremiah
D:8:      minmay_goldmine, layout_rooms, serial_shops, shop,
          nicolae_letterblocks [nicolae_letter_subblock,
          nicolae_letter_subblock, nicolae_letter_subblock,
          nicolae_letter_subblock, nicolae_letter_subblock,
          nicolae_letter_subblock, nicolae_letter_subblock,
          nicolae_letter_subblock, nicolae_letter_subblock,
          nicolae_letter_subblock, nicolae_letter_subblock,
          nicolae_letter_subblock, nicolae_letter_subblock,
          nicolae_letter_subblock, nicolae_letter_subblock,
          nicolae_letter_subblock, nicolae_letter_subblock,
          nicolae_letter_subblock, nicolae_letter_subblock,
          nicolae_letter_subblock, nicolae_letter_subblock,
          nicolae_letter_subblock, nicolae_letter_subblock,
          nicolae_letter_subblock, nicolae_letter_subblock], uniq_grum,
          uniq_erica, uniq_amaemon, uniq_maggie
D:9:      layout_irregular_city, hellmonk_lair_entry_icy
D:10:     layout_basic, mainiacjoe_overflow_paths,
          mainiacjoe_overflow_divided_tiny,
          mainiacjoe_overflow_concentric_impassable, grunt_gozag_statues
D:11:     layout_cave_pods
D:12:     layout_basic, hiddenorc1_lemuel, minmay_st_funbox, uniq_erolcha
Temple:   bh_familiar_temple

Skill      XL: |  1  2  3  4  5  6  7  8  9 10 11 12 |
---------------+-------------------------------------+-----
Spellcasting   | 5 6 7 8 10 12 13 15 16 | 16.5
Fighting       | 1 2 3 4 |  4.0
Armour         | 1 2 3 4 |  4.0
Conjurations   | 2 3 4 5 6 7 9 |  9.5
Dodging        | 3 4 5 8 10 12 13 | 13.3
Stealth        | 3 4 |  4.2
Alchemy        | 1 |  1.0
Fire Magic     | 1 |  1.1
Air Magic      | 1 |  1.2
Evocations     | 1 |  1.1
Earth Magic    | 3 4 6 7 8 |  8.1
Shields        | 2 3 |  3.6
Ice Magic      | 1 |  1.1
Summonings     | |  1.1
Translocations | |  1.1

Action                     |  1- 3 |  4- 6 |  7- 9 | 10-12 || total
---------------------------+-------+-------+-------+-------++-------
   Fire: Sling             |       |    53 |   236 |   319 ||   608
   Cast: Magic Dart        |    97 |     5 |     2 |     4 ||   108
         Mephitic Cloud    |       |       |     7 |    26 ||    33
         Blink             |       |       |       |     4 ||     4
         Stone Arrow       |       |       |       |    91 ||    91
         Call Imp          |       |       |       |     4 ||     4
    Use: Scroll            |       |       |       |     8 ||     8
 Armour: Robe              |    10 |    11 |    55 |   127 ||   203
  Dodge: Dodged            |     9 |     5 |    91 |   156 ||   261

Table legend: (Time is in decaauts)
 A = Elapsed time spent in this place.
 B = Non-inter-level travel time spent in this place.
 C = Inter-level travel time spent in this place.
 D = Time resting spent in this place.
 E = Time spent auto-exploring this place.
 F = Levels seen in this place.
 G = Mean time per level.
                   A        B        C        D        E       F      G
               +--------+--------+--------+--------+--------+-----+--------+
         Total |  12758 |  12343 |    415 |    221 |  10161 |  14 |  911.3 |
       Dungeon |  12210 |  11838 |    372 |    221 |   9838 |  12 | 1017.5 |
        Temple |     45 |      2 |     43 |      0 |      0 |   1 |   45.0 |
         Sewer |    502 |    502 |      0 |      0 |    322 |   1 |  502.0 |
               +--------+--------+--------+--------+--------+-----+--------+

Top non-repeatable levels by time:
    D:12: 1781 daAuts
    D:10: 1548 daAuts
     D:7: 1460 daAuts
    D:11: 1258 daAuts
     D:1: 1228 daAuts
     D:9: 1016 daAuts
     D:2: 773 daAuts
     D:4: 709 daAuts
     D:3: 705 daAuts
     D:6: 704 daAuts
     D:8: 667 daAuts
   Sewer: 502 daAuts
     D:5: 355 daAuts
  Temple: 45 daAuts
